[Event "Early-Titled-Tuesday-Blitz-October-17-2023"]
[Site "Chess.com"]
[Date "2023.10.17"]
[Round "10"]
[White "Grossboss19"]
[Black "BardArtem"]
[Result "0-1"]
[WhiteElo "2489"]
[BlackElo "2742"]
[TimeControl "180+1"]
[EndTime "9:58:58 PDT"]
[Termination "BardArtem won by checkmate"]

1. d4 d5 2. Nc3 Nf6 3. Bg5 Nbd7 4. e3 h6 5. Bh4 e6 6. Nf3 Bd6 7. a3 O-O 8. Bd3 c5 9. O-O a6 10. Re1 b5 11. e4 c4 12. Bf1 dxe4 13. Nxe4 Be7 14. Ne5 Nxe5 15. dxe5 Nxe4 16. Bxe7 Qxe7 17. Rxe4 Bb7 18. Rd4 Rfd8 19. c3 Rxd4 20. Qxd4 Rd8 21. Qb6 Rd5 22. Re1 Qd7 23. g3 Rd2 24. a4 Qd5 25. f3 Qxf3 26. Re2 Rd7 27. Qe3 Qh1+ 28. Kf2 Rd1 29. Rd2 Qxf1# 0-1

[Event "Early-Titled-Tuesday-Blitz-October-17-2023"]
[Site "Chess.com"]
[Date "2023.10.17"]
[Round "10"]
[White "campochess"]
[Black "Felix-Rose"]
[Result "1-0"]
[WhiteElo "2178"]
[BlackElo "2289"]
[TimeControl "180+1"]
[EndTime "9:59:00 PDT"]
[Termination "campochess won on time"]

1. d4 d5 2. Bg5 c6 3. Nc3 Bf5 4. f3 Qa5 5. Qd2 h6 6. Bf4 Nf6 7. e3 Nbd7 8. Bd3 Bxd3 9. cxd3 e6 10. Nge2 Nh5 11. O-O Nxf4 12. Nxf4 Bd6 13. e4 Qb6 14. Nce2 Bxf4 15. Qxf4 Qxb2 16. Qe3 Nb6 17. a4 Qb4 18. a5 Nc8 19. Rfb1 Qe7 20. Ra2 Nd6 21. Rc2 a6 22.
Nf4 Nb5 23. Re1 Qd6 24. Nh5 O-O 25. Rc5 Qd8 26. e5 Qxa5 27. Nf6+ gxf6 28. exf6 Kh7 29. Re2 1-0

[Event "Early-Titled-Tuesday-Blitz-October-17-2023"]
[Site "Chess.com"]
[Date "2023.10.17"]
[Round "10"]
[White "tarno17"]
[Black "AnaKuchava"]
[Result "0-1"]
[WhiteElo "2115"]
[BlackElo "2242"]
[TimeControl "180+1"]
[EndTime "9:59:02 PDT"]
[Termination "AnaKuchava won by checkmate"]

1. e4 c5 2. Nf3 d6 3. Bb5+ Bd7 4. Bxd7+ Qxd7 5. O-O Nc6 6. d4 cxd4 7. Nxd4 Nf6 8. Re1 e6 9. c4 Be7 10. Nc3 O-O 11. b3 a6 12. Bb2 h6 13. Qd2 Qc7 14. Rad1 Rfd8 15. Re3 Nxd4 16. Qxd4 d5 17. exd5 Bc5 18. Qd3 Bxe3 19. Qxe3 exd5 20. Nxd5 Nxd5 21. cxd5 Qc2 22. Qd4 f6 23. h3 Rac8 24. d6 Qf5 25. Ba3 Rd7 26. Rd3 Rc2 27. Rf3 Qe5 28. Qg4 Rxa2 29. g3 Ra1+ 30. Kg2 Qe1 31. Qc4+ Kh7 32. Qc2+ g6 33. Rxf6 Qh1# 0-1

[Event "Early-Titled-Tuesday-Blitz-October-17-2023"]
[Site "Chess.com"]
[Date "2023.10.17"]
[Round "10"]
[White "eightbyeightchess"]
[Black "Wizard_97"]
[Result "0-1"]
[WhiteElo "2438"]
[BlackElo "2583"]
[TimeControl "180+1"]
[EndTime "9:59:03 PDT"]
[Termination "Wizard_97 won on time"]

1. e4 c5 2. Nf3 d6 3. d4 cxd4 4.
Qxd4 a6 5. c4 Nc6 6. Qe3 g6 7.
h3 Bg7 8. Be2 Nf6 9. O-O O-O 10.
Nc3 Nd7 11. Rd1 Qb6 12. Qg5 h6 13. Qh4 g5 14. Bxg5 hxg5 15. Nxg5 Re8 16. Qh7+ Kf8 17.
Nxf7 Kxf7 18. Bh5+ Kf8 19. Qg6 Kg8 20. Qxe8+ Kh7 21.
Qg6+ Kh8 22. Rd3 Nf8 23. Qg5 Nh7 24. Qd2 Be6 25. b3 Rg8 26. Rg3 Be5 27. Rxg8+ Kxg8 28. Rd1 Qd8 29. Bg4 Bxg4 30. hxg4 Kh8 31. Nd5 e6 32.
Ne3 Qh4 33. Nf1 Qxg4 34. Qd3 Ng5 35. Rd2 Qxe4 36. Qxe4 Nxe4 37. Rd3 Nb4 38. Rh3+ Kg7 39. f3 Bd4+ 40. Kh2 Be5+ 41. Kg1 Ng5 42. Rh5 Kg6 43. g4 Nxf3+ 44. Kf2 Ng5 45. Ng3 Nxa2 46. Rh1 Nc3 47. Ne2 Nge4+ 48. Ke3 Nxe2 0-1

[Event "Early-Titled-Tuesday-Blitz-October-17-2023"]
[Site "Chess.com"]
[Date "2023.10.17"]
[Round "10"]
[White "GP9isback23"]
[Black "bazar-wokzal"]
[Result "1/2-1/2"]
[WhiteElo "2668"]
[BlackElo "2593"]
[TimeControl "180+1"]
[EndTime "9:59:05 PDT"]
[Termination "Game drawn by repetition"]

1. d4 Nf6 2. Nf3 e6 3. c4 Nc6 4. e3 Bb4+ 5. Bd2 a5 6. Be2 d6 7.
O-O e5 8. Nc3 Bg4 9. d5 Ne7 10.
Ne1 Bxe2 11. Qxe2 O-O 12. e4 Ng6 13. Nd3 Bxc3 14. Bxc3 c6 15. dxc6 bxc6 16. Rfd1 Qe7 17. Rac1 c5 18. Bd2 Rfb8 19. Bg5 h6 20. Bd2 Nf8 21.
Bc3 Ne6 22. Ne1 a4 23. Nc2 Nd4 24. Qd3 Ra6 25. Ne3 Rab6 26. Rd2 Qb7 27. f3 Nh5 28. Nd5 Ra6 29. Rf1 g6 30. f4 Nxf4 31. Nxf4 exf4 32. Bxd4 cxd4 33. Qxd4 Qb6 34. Qxb6 Raxb6 35. Rff2 g5 36. Kf1 Kg7 37. g3 fxg3 38. hxg3 Re8 39.
Rfe2 Rc6 40. b3 axb3 41. axb3 Rb8 42. Rd3 Rcb6 43. Ree3 Kg6 44. Kf2 h5 45. Kf3 f5 46.
exf5+ Kxf5 47. Rd5+ Kf6 48. Red3 Rxb3 49. Rxd6+ Kf5 50. Rd5+ Kf6 51. Rd6+ Kf5 52. Rd5+ Kf6 53. Rd6+ 1/2-1/2

[Event "Early-Titled-Tuesday-Blitz-October-17-2023"]
[Site "Chess.com"]
[Date "2023.10.17"]
[Round "10"]
[White "lamomiajunior"]
[Black "Semetey"]
[Result "1-0"]
[WhiteElo "2724"]
[BlackElo "2542"]
[TimeControl "180+1"]
[EndTime "9:59:05 PDT"]
[Termination "lamomiajunior won on time"]

1. d4 a6 2. e4 b5 3. Bd3 Bb7 4. Nf3 e6 5. O-O c5 6. c3 cxd4 7. cxd4 Nf6 8. Re1 Be7 9. a3 O-O 10. Nc3 d6 11. h3 Nc6 12. Be3 Rc8 13. Qd2 e5 14. d5 Nb8 15. b4 Nbd7 16. a4 bxa4 17. Nxa4 Nh5 18. Bf1 h6 19. Rec1 Rxc1 20. Rxc1 f5 21. exf5 Rxf5 22. Bd3 Rxf3 23. gxf3 Nf4 24.
Bxf4 exf4 25. Re1 Ne5 26. Be4 Bc8 27. Qxf4 Bxh3 28. Nc5 dxc5 29. Qxe5 Bd6 30. Qh5 Bd7 31. bxc5 Bxc5 32. d6 Bb4 33. Bd5+ Kh8 34. Rd1 Bxd6 35.
Bf7 Ba4 36. Rd4 Bh2+ 37. Qxh2 Qxd4 38. Qb8+ 1-0

[Event "Early-Titled-Tuesday-Blitz-October-17-2023"]
[Site "Chess.com"]
[Date "2023.10.17"]
[Round "10"]
[White "ploxoi"]
[Black "garicradomir"]
[Result "0-1"]
[WhiteElo "2449"]
[BlackElo "2335"]
[TimeControl "180+1"]
[EndTime "9:59:06 PDT"]
[Termination "garicradomir won by checkmate"]

1. d4 Nf6 2. c4 Nc6 3. Nf3 e6 4. g3 g6 5. Bg2 Bg7 6. O-O O-O 7. Nc3 d6 8. e4 e5 9. d5 Ne7 10. Ne1 a5 11. Nd3 Nd7 12. Qe2 b6 13. Bg5 Nc5 14. Rae1 h6 15. Bd2 Ba6 16. b3 c6 17. f4 cxd5 18.
exd5 Nxd3 19. Qxd3 exf4 20. Bxf4 Nf5 21. Kh1 Rc8 22. Bh3 Nd4 23. Bxc8 Bxc8 24. Be3 Nf5 25. Bg1 h5 26. Na4 Bd7 27. Nxb6 a4 28. b4 Bc8 29. c5 dxc5 30. bxc5 Bb7 31. c6 Bxc6 32. Rxf5 gxf5 33. Qxf5 Bb7 34. Qxh5 Re8 35. Qd1 Rxe1 36. Qxe1 Qxd5+ 37. Nxd5 Bxd5+ 38. Qe4 Bxe4# 0-1

[Event "Early-Titled-Tuesday-Blitz-October-17-2023"]
[Site "Chess.com"]
[Date "2023.10.17"]
[Round "10"]
[White "kingofthenil"]
[Black "whitemirrorninja"]
[Result "0-1"]
[WhiteElo "2720"]
[BlackElo "2561"]
[TimeControl "180+1"]
[EndTime "9:59:07 PDT"]
[Termination "whitemirrorninja won on time"]

1. e4 c6 2. c4 g6 3. d4 Bg7 4.
Nc3 d6 5. Nf3 e5 6. Be2 Ne7 7. O-O O-O 8. Be3 Nd7 9. Qc2 f5 10. dxe5 f4 11. Bd2 Nxe5 12. Rfd1 c5 13. Be1 N7c6 14. Nb5 a6 15. Rxd6 Nxf3+ 16. Bxf3 Qe7 17.
Rxc6 axb5 18. Rb6 b4 19. e5 Bxe5 20. a3 Qc7 21. Rb5 Ra6 22. Rb1 bxa3 23. bxa3 b6 24.
Qb3 Rf6 25. h4 Bd7 26. Rd1 Kg7 27. h5 gxh5 28. Rd5 Bxb5 29. Qxb5 Ra7 30. a4 Qe7 31. a5 Bd4 32. Bd2 bxa5 33. Bxa5 Rg6 34. Bd2 Ra1+ 0-1

[Event "Early-Titled-Tuesday-Blitz-October-17-2023"]
[Site "Chess.com"]
[Date "2023.10.17"]
[Round "10"]
[White "Aygehovit1992"]
[Black "DanyKopy"]
[Result "0-1"]
[WhiteElo "2681"]
[BlackElo "2546"]
[TimeControl "180+1"]
[EndTime "9:59:07 PDT"]
[Termination "DanyKopy won on time"]

1. e4 c5 2. Nc3 Nc6 3. Bb5 Nd4 4. Nf3 Nf6 5. O-O a6 6. Bd3 d6 7. Nxd4 cxd4 8. Ne2 e5 9. c3 dxc3 10. bxc3 Be7 11. a4 O-O 12. Ba3 d5 13. Bxe7 Qxe7 14. exd5 Nxd5 15. Re1 Qg5 16. Qc2 h5 17. Rab1 h4 18.
Be4 Be6 19. Rxb7 Rad8 20. d4 f5 21. Bd3 e4 22. Bc4 e3 23. f3 f4 24. Qe4 Rfe8 25.
Qe5 Qxe5 26. dxe5 Kf8 27. Bxa6 g5 28. Bb5 Re7 29. Rxe7 Kxe7 30. Nd4 Rc8 31. c4 Nb4 32.
Rb1 Bxc4 33. h3 Nd3 34. Bxc4 Rxc4 35. Nf5+ Ke6 36. Nh6 e2 0-1

[Event "Early-Titled-Tuesday-Blitz-October-17-2023"]
[Site "Chess.com"]
[Date "2023.10.17"]
[Round "10"]
[White "Mikhail_Golubev"]
[Black "verrbaa"]
[Result "1-0"]
[WhiteElo "2576"]
[BlackElo "2442"]
[TimeControl "180+1"]
[EndTime "9:59:07 PDT"]
[Termination "Mikhail_Golubev won on time"]

1. e4 e5 2. Nf3 Nc6 3. Bc4 Nf6 4. Ng5 d5 5. exd5 Na5 6. Bb5+ c6 7. dxc6 bxc6 8. Bd3 h6 9. Ne4 Nd5 10. O-O Be7 11.
Re1 O-O 12. Nec3 Qc7 13. Bf1 Be6 14. d3 Rad8 15. Nd2 Nxc3 16. bxc3 f5 17. Qe2 Bd6 18.
Nf3 e4 19. dxe4 fxe4 20. Qxe4 Bd5 21. Qg4 Bxf3 22. gxf3 Bxh2+ 23. Kg2 Bf4 24. Ba3 Bd6 25. Bxd6 Rxd6 26. Rad1 h5 27. Qg3 Rfd8 28. Re6 Nb7 29.
Bc4 Kh8 30. Qe5 1-0

[Event "Early-Titled-Tuesday-Blitz-October-17-2023"]
[Site "Chess.com"]
[Date "2023.10.17"]
[Round "10"]
[White "Truequitos"]
[Black "Juicy_Fork"]
[Result "0-1"]
[WhiteElo "2501"]
[BlackElo "2430"]
[TimeControl "180+1"]
[EndTime "9:59:07 PDT"]
[Termination "Juicy_Fork won by resignation"]

1. c4 Nf6 2. g3 g6 3. Bg2 Bg7 4. Nf3 O-O 5. O-O c5 6. d4 d6 7. b3 Nc6 8. Bb2 cxd4 9. Nxd4 Bd7 10. Nc3 a6 11. Rc1 Rc8 12. e3 e6 13. Qd2 Qc7 14.
Rfd1 Rfd8 15. Nd5 exd5 16. cxd5 Nxd5 17. Bxd5 Qb6 18. Nf3 Bg4 19. Ng5 Rc7 20. Bxg7 Kxg7 21.
Qb2+ Ne5 22. f3 Qxe3+ 23. Kg2 Rxc1 24. Qxc1 Qe2+ 25. Kg1 Bxf3 26. Nxf3 Nxf3+ 27. Bxf3 Qxf3 28. Rf1 Qc6 29. Qb2+ Kg8 30. Qf6 Qc7 31. Re1 d5 32. Re7 Qc5+ 33. Kg2 Qc2+ 34. Kh3 Qf5+ 35. Qxf5 gxf5 36.
Re3 d4 37. Rd3 Kg7 38. Kg2 Kf6 39. Kf3 Ke5 40. b4 Rc8 41. Rd1 Rc3+ 42. Kg2 Rc2+ 43. Kh3 Rxa2 44. Re1+ Kd5 45. Re7 d3 46. Rxf7 d2 47.
Rxb7 Kc6 0-1

[Event "Early-Titled-Tuesday-Blitz-October-17-2023"]
[Site "Chess.com"]
[Date "2023.10.17"]
[Round "10"]
[White "andrzej"]
[Black "KNVB"]
[Result "1-0"]
[WhiteElo "2501"]
[BlackElo "2646"]
[TimeControl "180+1"]
[EndTime "9:59:10 PDT"]
[Termination "andrzej won on time"]

1. e4 e5 2. Nf3 Nc6 3. Bb5 a6 4. Ba4 Nf6 5. O-O b5 6. Bb3 Bc5 7. a4 Rb8 8. c3 d6 9. d4 Bb6 10. a5 Ba7 11. h3 O-O 12. Be3 Re8 13. Nbd2 h6 14. Qe2 exd4 15. cxd4 Bb7 16. Rfd1 Nb4 17. d5 Bxe3 18. Qxe3 Nbxd5 19. Qd4 Ne7 20. Nh4 c5 21. Qe3 c4 22. Bc2 d5 23. e5 Nc6 24. Ndf3 d4 25.
Nxd4 Rxe5 26. Qf4 Nxd4 27. Rxd4 Rd5 28. Rad1 Rxd4 29. Rxd4 Qe8 30. Nf5 Rd8 31. Nd6 Qe7 32. Nxb7 Rxd4 33. Qxd4 Qxb7 34. Qd8+ 1-0

[Event "Early-Titled-Tuesday-Blitz-October-17-2023"]
[Site "Chess.com"]
[Date "2023.10.17"]
[Round "10"]
[White "ajedrezhoy"]
[Black "Herman-NY"]
[Result "1-0"]
[WhiteElo "2392"]
[BlackElo "2523"]
[TimeControl "180+1"]
[EndTime "9:59:11 PDT"]
[Termination "ajedrezhoy won by resignation"]

1. g3 Nf6 2. Bg2 g6 3. b3 Bg7 4.
Bb2 d6 5. d4 a5 6. Nc3 c6 7. a4 O-O 8. e4 Qc7 9. Nge2 e5 10. O-O Na6 11. Qd2 Nb4 12. Rad1 Re8 13.
h3 h5 14. f4 exd4 15. Nxd4 Bd7 16. Kh2 Rad8 17. Rfe1 Bc8 18. Qc1 Qb6 19. Nf3 Re7 20. e5 dxe5 21. Rxd8+ Qxd8 22. Nxe5 Qe8 23. Rd1 Bf5 24.
Rd2 Nd7 25. Nc4 Re1 26. Nd1 Bxb2 27. Qxb2 Qe7 28. Nf2 Re2 29. c3 Nd5 30. Rxe2 1-0

[Event "Early-Titled-Tuesday-Blitz-October-17-2023"]
[Site "Chess.com"]
[Date "2023.10.17"]
[Round "10"]
[White "ChessSkool"]
[Black "LeoLV10"]
[Result "1-0"]
[WhiteElo "2692"]
[BlackElo "2591"]
[TimeControl "180+1"]
[EndTime "9:59:12 PDT"]
[Termination "ChessSkool won by resignation"]

1. e4 c6 2. d4 d5 3. e5 c5 4. dxc5 e6 5. a3 Bxc5 6. Qg4 Ne7 7. b4 Bb6 8. Bd3 Nbc6 9. Nf3 h5 10. Qf4 Qc7 11.
Bb2 Nf5 12. Bxf5 exf5 13. Nc3 Be6 14. Nb5 Qe7 15. Nd6+ Kd7 16. c4 dxc4 17. O-O Rag8 18. h4 Kc7 19. a4 a5 20. bxa5 Bxa5 21. Ba3 Bb4 22. Bxb4 Nxb4 23. Rfb1 Nd3 24. Rxb7+ Kc6 25. Nd4+ Kd5 26. Qf3+ Kxd4 27. Rxe7 Kxe5 28. Nxc4+ Kf6 29. Rxe6+ fxe6 30. Qxd3 Rd8 31. Qc3+ Kf7 32. Ne5+ Kf6 33. Nc6+ Kg6 34. Nxd8 Rxd8 35. a5 e5 36. a6 e4 37. a7 Rd3 38. Qxd3 exd3 39. a8=Q 1-0

[Event "Early-Titled-Tuesday-Blitz-October-17-2023"]
[Site "Chess.com"]
[Date "2023.10.17"]
[Round "10"]
[White "Iskusnyh"]
[Black "HouseOfDurin"]
[Result "1-0"]
[WhiteElo "2574"]
[BlackElo "2271"]
[TimeControl "180+1"]
[EndTime "9:59:14 PDT"]
[Termination "Iskusnyh won by resignation"]

1. d4 Nf6 2. c4 c5 3. d5 b5 4.
cxb5 a6 5. e3 axb5 6. Bxb5 Bb7 7. Nc3 Qa5 8. Bd2 e6 9. e4 Nxe4 10. a4 Nxd2 11. Qxd2 Be7 12. Nf3 Bxd5 13. Nxd5 Qxd2+ 14. Kxd2 exd5 15. Rhe1 Kf8 16. Re5 d6 17. Rxd5 Na6 18. Bxa6 Rxa6 19. Kd3 f6 20. Nd2 Kf7 21. Nc4 Rb8 22. Kc2 Rb4 23. b3 g6 24. g4 Ke6 25.
Rd3 Kd7 26. Rad1 Raxa4 27. bxa4 Rxc4+ 28. Kb3 Rxg4 29. Rh3 h5 30. Ra1 Rb4+ 31. Kc2 Bd8 32. a5 Kc6 33. a6 Rb8 34. Rb3 Ra8 35. a7 Bb6 36. Ra6 Rxa7 37. Rbxb6+ Kd5 1-0

[Event "Early-Titled-Tuesday-Blitz-October-17-2023"]
[Site "Chess.com"]
[Date "2023.10.17"]
[Round "10"]
[White "Martial2008"]
[Black "Nuvas"]
[Result "1-0"]
[WhiteElo "2652"]
[BlackElo "2807"]
[TimeControl "180+1"]
[EndTime "9:59:16 PDT"]
[Termination "Martial2008 won on time"]

1. d4 Nf6 2. Nf3 d5 3. Bf4 c5 4. e3 Nc6 5. Nbd2 cxd4 6. exd4 Nh5 7. Be3 g6 8. c3 Qc7 9. Bd3 Nf4 10. Bxf4 Qxf4 11.
O-O Bg7 12. Re1 O-O 13. Qe2 Qd6 14. Nb3 b6 15. Rad1 a6 16. a3 a5 17. Bb5 e6 18. Nc1 a4 19. Nd3 Ra5 20. Nde5 Ne7 21. Bd3 f6 22. Ng4 Qc6 23. Ne3 b5 24. Nc2 Bd7 25.
h4 h5 26. g3 Raa8 27. Nb4 Qb6 28. Bb1 Nf5 29. Nd3 Rae8 30. Nf4 Kf7 31. Qd2 Bh6 32. Bxf5 gxf5 33. Nxd5 Bxd2 34. Nxb6 Bxe1 35. Nxd7 Bxc3 36. bxc3 Rg8 37. Rb1 Rc8 38. Nc5 Rb8 39. Kf1 Rgc8 40. Ke2 e5 41. Nd2 Rd8 42. Rb4 Ke7 43. Nf1 Kd6 44.
Ne3 f4 45. gxf4 exf4 46. Nf5+ Kc6 47. Kf3 Re8 48. Kxf4 Re1 49. Ne4 Rc1 50. Ne3 Rg8 51.
d5+ Kb6 52. c4 f5 53. Rxb5+ Ka6 54. Nc5+ Ka7 55. d6 1-0

[Event "Early-Titled-Tuesday-Blitz-October-17-2023"]
[Site "Chess.com"]
[Date "2023.10.17"]
[Round "10"]
[White "UK_23"]
[Black "Maect19"]
[Result "1-0"]
[WhiteElo "2410"]
[BlackElo "2227"]
[TimeControl "180+1"]
[EndTime "9:59:17 PDT"]
[Termination "UK_23 won by resignation"]

1. e4 e5 2. Nf3 Nc6 3. Bc4 Nf6 4.
d3 Be7 5. O-O O-O 6. Re1 d6 7.
a4 h6 8. Nc3 Nh7 9. Nd5 Bg4 10.
Be3 Ng5 11. Kh1 Kh8 12. a5 f5 13. Nxe7 Qxe7 14. Bxg5 hxg5 15. c3 Qf6 16. Bd5 Ne7 17. Bxb7 Rab8 18. a6 fxe4 19. Rxe4 Bh5 20. h3 d5 21. Re3 Nf5 22. Re1 Nh4 23. Bxd5 Rxb2 24. Qc1 Rxf2 25. Qxg5 Bxf3 26. Qxf6 Bxg2+ 27. Bxg2 R8xf6 28. Bd5 Nf3 29. Bxf3 R6xf3 30. Rxe5 Rxh3+ 31. Kg1 Rc2 32. Rc5 Rxd3 33. Rxc7 Rdxc3 34. Rxa7 Rb3 35. Ra8+ Kh7 36. a7 Rbb2 37. Rh8+ Kg6 38. a8=Q 1-0

[Event "Early-Titled-Tuesday-Blitz-October-17-2023"]
[Site "Chess.com"]
[Date "2023.10.17"]
[Round "10"]
[White "NM_Antelacus"]
[Black "Deadmold"]
[Result "1-0"]
[WhiteElo "2098"]
[BlackElo "2190"]
[TimeControl "180+1"]
[EndTime "9:59:18 PDT"]
[Termination "NM_Antelacus won on time"]

1. e4 Nf6 2. e5 Nd5 3. d4 d6 4. Nf3 g6 5. h3 Bg7 6. c3 O-O 7. Bd3 Nc6 8. exd6 cxd6 9. O-O e5 10. dxe5 dxe5 11. Bc4 Nb6 12. Bb3 h6 13. Nbd2 Kh7 14.
Ne4 f5 15. Nd6 e4 16. Nh2 Qe7 17. Be3 Be6 18. Bc5 Rfd8 19. Ba3 Bxb3 20. axb3 Be5 21. Nxf5 gxf5 22. Bxe7 Rxd1 23. Rfxd1 Nxe7 24. Nf1 Kg6 25. Ne3 Kf6 26. Nc4 Ke6 27. Nxb6 Rg8 28. Rxa7 Ng6 29. Nd5 Nh4 30. g3 f4 31. g4 h5 32. Rxb7 hxg4 33. Rb6+ 1-0

[Event "Early-Titled-Tuesday-Blitz-October-17-2023"]
[Site "Chess.com"]
[Date "2023.10.17"]
[Round "10"]
[White "viktorgen2021"]
[Black "ural58"]
[Result "1-0"]
[WhiteElo "2436"]
[BlackElo "2520"]
[TimeControl "180+1"]
[EndTime "9:59:19 PDT"]
[Termination "viktorgen2021 won by resignation"]

1. Nf3 d5 2. c4 e6 3. g3 dxc4 4. Qa4+ Qd7 5. Qxc4 Qc6 6. Qxc6+ Nxc6 7. Bg2 Nb4 8. Na3 Bd7 9. O-O Bc6 10. d3 Ne7 11. Bd2 Nf5 12. Rfc1 a5 13. Nc4 h6 14. Nce5 Bd6 15. Nxc6 Nxc6 16. Bc3 O-O 17. a3 f6 18. Nd2 Nfe7 19. Ne4 Nd5 20. Bd2 f5 21. Nc5 Nd8 22.
Nxe6 Nxe6 23. Bxd5 Rf6 24. Bxb7 Rb8 25. Bd5 Kh7 26. Bxa5 Nd4 27. Kf1 Nb3 28. Bxb3 Rxb3 29. Rc2 f4 30. Bc3 Rf8 31. Kg2 g5 32. Rac1 g4 33. f3 fxg3 34. hxg3 gxf3+ 35. exf3 h5 36.
Rh1 Kg6 37. f4 Rb5 38. Kf3 Kf7 39. Rch2 Kg6 40. Re2 Rd5 41. d4 Rdf5 42. Re6+ Kf7 43.
Rh6 Kg7 44. R6xh5 1-0

[Event "Early-Titled-Tuesday-Blitz-October-17-2023"]
[Site "Chess.com"]
[Date "2023.10.17"]
[Round "10"]
[White "DKmirl"]
[Black "MMAHDI2013"]
[Result "1-0"]
[WhiteElo "2297"]
[BlackElo "2442"]
[TimeControl "180+1"]
[EndTime "9:59:20 PDT"]
[Termination "DKmirl won on time"]

1. d4 Nf6 2. Nf3 e6 3. g3 d5 4. Bg2 b5 5. O-O Be7 6. a4 b4 7. Ne5 O-O 8. c4 bxc3 9. Nxc3 c5 10. e4 cxd4 11. Qxd4 Bb7 12. exd5 Nxd5 13. Nxd5 Bxd5 14.
Bxd5 Qxd5 15. Qxd5 exd5 16. Be3 Bf6 17. Bd4 Bxe5 18. Bxe5 Nc6 19. Bc3 d4 20. Bd2 Rab8 21. Rfb1 d3 22. b4 Nd4 23. Kf1 Rbc8 24. b5 Rfe8 25. Ra3 Rc4 26. a5 Rb8 27. b6 h6 28.
Rxd3 axb6 29. axb6 Ne6 30. Be3 Rb7 31. f4 Rc6 32. f5 Ng5 33. Rb4 f6 34. Bf2 1-0

[Event "Early-Titled-Tuesday-Blitz-October-17-2023"]
[Site "Chess.com"]
[Date "2023.10.17"]
[Round "10"]
[White "victormago"]
[Black "kingapolak"]
[Result "1-0"]
[WhiteElo "2456"]
[BlackElo "2139"]
[TimeControl "180+1"]
[EndTime "9:59:20 PDT"]
[Termination "victormago won on time"]

1. d4 Nf6 2. c4 g6 3. Nc3 Bg7 4. e4 d6 5. Be2 O-O 6. Bg5 c5 7.
d5 h6 8. Be3 a6 9. Qd2 Bd7 10.
Bxh6 b5 11. Bxg7 Kxg7 12. f3 b4 13. Nd1 Rh8 14. Nf2 e5 15. dxe6 Bxe6 16. Ngh3 Nc6 17. Nf4 Nd4 18. O-O Qd7 19. Rae1 Rh7 20. b3 Rah8 21.
h3 Nh5 22. Nxh5+ Rxh5 23. Bd1 Bxh3 24. Nxh3 Rxh3 25. gxh3 Qxh3 26. Qg2 Qh4 27. e5 Rh5 28. Re4 Qe7 29. exd6 Qxd6 30. f4 Rh4 31. f5 Rh6 32.
fxg6 Rxg6 33. Rg4 Ne6 34. Rxg6+ fxg6 35. Bc2 Qd4+ 36. Rf2 g5 37. Qe4 Qa1+ 38. Kg2 Nf4+ 39. Rxf4 gxf4 40. Qxf4 Qxa2 41. Qg5+ Kf7 42. Qf5+ Ke7 43.
Kf3 Qb2 44. Qxc5+ 1-0

[Event "Early-Titled-Tuesday-Blitz-October-17-2023"]
[Site "Chess.com"]
[Date "2023.10.17"]
[Round "10"]
[White "SlavenPastar"]
[Black "Cheer_Down"]
[Result "1/2-1/2"]
[WhiteElo "2644"]
[BlackElo "2529"]
[TimeControl "180+1"]
[EndTime "9:59:21 PDT"]
[Termination "Game drawn by agreement"]

1. b3 e5 2. Bb2 Nc6 3. Nf3 e4 4. Nd4 Nxd4 5. Bxd4 Nf6 6. e3 d5 7. d3 h5 8. Nd2 Bf5 9. c4 exd3 10. cxd5 Qxd5 11. Qf3 O-O-O 12. Bxf6 gxf6 13. e4 Bxe4 14. Qxe4 Qxe4+ 15. Nxe4 Re8 16. Bxd3 f5 17. f3 fxe4 18. fxe4 f5 19. e5 Rxe5+ 20. Kd2 Bh6+ 21. Kc2 Rg8 22.
g3 f4 23. Raf1 Rc5+ 24. Kb1 Rf8 25. Rf3 fxg3 26. Rxf8+ Bxf8 27. hxg3 Bd6 28. Be2 Bxg3 29. Rxh5 Rxh5 30. Bxh5 c6 31. Bg4+ Kc7 32. Bf3 a5 33. Be2 Kd6 34. Bd1 Ke5 35. Be2 Kd4 36. Bg4 Kc5 37.
Bc8 b5 38. Bg4 Kd4 39. Kc2 Kc5 40. Bd7 Be5 41. Be8 Bg7 42. Bd7 Kd6 43. Be8 Bf6 44.
Bh5 Ke5 45. Bf3 Kd6 46. Bg2 Be5 47. Bh1 Kc5 48. Bg2 Kb6 49. Bh1 Kc5 50. Bg2 Bd6 51. Bh1 Kb6 52. Bg2 c5 53. Bh1 Be5 54. Bg2 Bd4 55.
a4 bxa4 56. bxa4 Kc7 57. Kd3 Kd6 58. Kc4 Ke5 59. Bc6 Kf4 60. Bb5 Ke3 61. Bc6 Kd2 62.
Kb5 Bc3 63. Kxc5 Bb4+ 64. Kc4 Kc1 65. Bb5 Kb2 66. Bc6 Ka3 1/2-1/2

[Event "Early-Titled-Tuesday-Blitz-October-17-2023"]
[Site "Chess.com"]
[Date "2023.10.17"]
[Round "10"]
[White "kirillshevchenko"]
[Black "ArtemDyachuk"]
[Result "1-0"]
[WhiteElo "2932"]
[BlackElo "2665"]
[TimeControl "180+1"]
[EndTime "9:59:22 PDT"]
[Termination "kirillshevchenko won by checkmate"]

1. e4 c6 2. Nc3 d5 3. Nf3 dxe4 4. Nxe4 Nd7 5. Qe2 e6 6. d4 Ngf6 7. Bf4 Nxe4 8. Qxe4 Nf6 9. Qd3 Bd6 10. Be5 O-O 11. O-O-O Bxe5 12. dxe5 Qxd3 13. Bxd3 Nd5 14. Be4 f6 15. c4 Ne7 16. Rd6 h5 17. Rhd1 Kf7 18.
h4 a5 19. b3 a4 20. b4 Rb8 21. a3 Re8 22. Kb2 Rf8 23. Kc3 Re8 24. g3 Rf8 25. R1d2 Re8 26. b5 cxb5 27. cxb5 b6 28. Kb4 Bb7 29.
Bc6 Rec8 30. Nd4 fxe5 31. Bxb7 Rxb7 32. Nxe6 Rc1 33. Ng5+ Kg8 34. Rd8# 1-0

[Event "Early-Titled-Tuesday-Blitz-October-17-2023"]
[Site "Chess.com"]
[Date "2023.10.17"]
[Round "10"]
[White "Lion-Al-Messi"]
[Black "GM_Huschenbeth"]
[Result "1-0"]
[WhiteElo "2671"]
[BlackElo "2575"]
[TimeControl "180+1"]
[EndTime "9:59:22 PDT"]
[Termination "Lion-Al-Messi won on time"]

1. e4 c5 2. Nf3 d6 3. d4 cxd4 4. Nxd4 Nf6 5. Nc3 a6 6. h3 g6 7. g4 Bg7 8. Bg2 O-O 9. Be3 Nc6 10. O-O Bd7 11. Qd2 Rc8 12. Rad1 Ne5 13. b3 b5 14. f4 Nexg4 15. hxg4 Nxg4 16. Nce2 e5 17. Nf3 Bc6 18. fxe5 Bxe4 19. Bf4 Rxc2 20. Qe1 Qb6+ 21. Kh1 dxe5 22. Bg3 Ne3 23. Qf2 g5 24. Ne1 Qh6+ 25.
Bh2 Bxg2+ 26. Nxg2 Ng4 27. Qg3 Nxh2 28. Qxh2 Qxh2+ 29. Kxh2 Rxe2 30. Kg1 Rc8 31. Rd7 Rcc2 32. Ne1 f6 33.
Nxc2 Rxc2 34. Ra7 Bf8 35. Rxa6 Bc5+ 36. Kh1 Be7 37. Ra7 Kf7 38. Rd1 Ke6 39. a4 bxa4 40. bxa4 g4 41. Ra6+ Kf5 42. Rf1+ Kg5 43. Re6 Bd8 44. Rd6 Be7 45. Re6 Rc7 46. a5 h5 47.
a6 h4 48. Rb6 Rc2 49. Rb7 Bc5 50. Rg7+ Kh5 51. Rf5+ Kh6 52. Rxg4 h3 53. Rxf6+ Kh5 54. Rg8 Rc1+ 55. Kh2 Rc2+ 56. Kxh3 Ra2 57. Rg7 1-0

[Event "Early-Titled-Tuesday-Blitz-October-17-2023"]
[Site "Chess.com"]
[Date "2023.10.17"]
[Round "10"]
[White "chrisclaireredfield"]
[Black "SashaKuzhilniy"]
[Result "1/2-1/2"]
[WhiteElo "2550"]
[BlackElo "2635"]
[TimeControl "180+1"]
[EndTime "9:59:23 PDT"]
[Termination "Game drawn by repetition"]

1. Nf3 g6 2. g3 Bg7 3. d4 Nf6 4. b3 c5 5. c4 cxd4 6. Nxd4 Ne4 7. Qd3 Qa5+ 8. Nd2 Nc6 9. Qxe4 Nxd4 10. Bb2 Nf3+ 11.
exf3 Bxb2 12. Rd1 Qxa2 13. Qc2 Qa3 14. Bd3 Bg7 15. O-O O-O 16. Ne4 Qb2 17. Qxb2 Bxb2 18.
c5 b6 19. Bb5 f5 20. Ng5 h6 21. Nh3 bxc5 22. Bxd7 Ba6 23. Rfe1 Bf6 24. Nf4 Kh7 25. Ne6 Rfb8 26. Nxc5 Bb5 27. f4 a5 28. Bxb5 Rxb5 29.
Nd7 Rb7 30. Nxf6+ exf6 31. Re6 Kg7 32. Rdd6 Rf8 33. Ra6 Rxb3 34. Rxa5 h5 35. h4 Rb7 36.
Raa6 Rff7 37. Kg2 Rbe7 38. Red6 Rd7 39. Re6 Rc7 40. Red6 Rcd7 41. Re6 Rb7 42. Red6 Rbe7 43. Rdc6 Re4 44. Rd6 Re8 45. Rdc6 Rd8 46. Rcb6 Rc8 47. Rd6 Re8 48. Rdc6 Rd8 49. Rcb6 Rc8 50. Rd6 Rcf8 51. Rdc6 Re7 52. Rd6 Rff7 53. Rdc6 Rc7 54. Rcb6 Rb7 55.
Rd6 Rbd7 1/2-1/2